[Event "37th ECCC 2022"]
[Site "Mayrhofen"]
[Date "2022.10.06"]
[Round "4.49"]
[White "Boruchovsky, Avital"]
[Black "Shengelia, David"]
[Result "1-0"]
[ECO "B30"]
[WhiteElo "2548"]
[BlackElo "2460"]
[Annotator "TA"]
[PlyCount "87"]
[EventDate "2022.10.03"]
[EventType "team-tourn"]
[EventCountry "AUT"]
[SourceTitle "playchess.com"]
[Source "ChessBase"]
[SourceQuality "1"]
[TimeControl "40/5400+30:1800+30"]

1. e4 c5 2. Nf3 Nc6 3. Bb5 e6 4. O-O Nge7 5. Re1 Ng6 6. c3 d5 7. h4 {[%emt 0:00:27][%cal Bh2h4,Bh4h5,Bh5h6][%mdl 32] B30: Sicilian: 2...Nc6 3 Bb5, lines without ...g6.} dxe4 8. Rxe4 Bd6 {[%emt 0:00:14] [#]} 9. d4 $146 {[%emt 0:03:36] White is slightly better.} ({Predecessor:} 9. Bxc6+ bxc6 10. h5 Ne7 11. d4 Nf5 12. Na3 cxd4 13. cxd4 Be7 14. Bf4 Bb7 15. Qb3 {0-1 (40) Ragger,M (2647)-Erdos,V (2586) Chennai 2022}) 9... O-O 10. Bxc6 bxc6 11. h5 Ne7 12. h6 g6 13. Na3 Nf5 14. Nc4 Bc7 15. Bf4 cxd4 16. Nxd4 {[%emt 0:06:35] [#] Bxc7 is the strong threat.} c5 17. Nxf5 {[%emt 0:13:51] Pair of Knights!} (17. Bxc7 {is interesting.} Qxc7 18. Nxf5 exf5 19. Re3) 17... Qxd1+ (17... exf5 {with more complications.} 18. Qxd8 Bxd8 19. Ree1 Be6) 18. Rxd1 exf5 19. Bxc7 fxe4 20. Nd6 $1 f5 21. Rd5 $1 Be6 22. Rxc5 Bxa2 23. Re5 Rf6 24. c4 Raf8 25. b4 g5 26. b5 (26. Ra5 $5 Bb3 27. Rxa7 $11) 26... Rxh6 27. Nxf5 Rhf6 28. Nd6 h6 29. Nxe4 Rf5 {[%emt 0:00:36] Hoping for ...Rxe5.} 30. c5 Bb1 {[%emt 0:03:08] White must now prevent ...Rxe5.} 31. Nc3 Rxf2 32. Bd6 $16 Rf1+ 33. Kh2 {[%emt 0:00:00] White is more active.} R8f4 {[%emt 0:01:18][%mdl 8192] This costs Black the game.} (33... Rc8 $16) 34. Re8+ $18 {[%emt 0:00:28][%mdl 64] [#] Discovered Attack} Kf7 35. Rf8+ Kg7 36. Rxf4 gxf4 {[%emt 0:00:03][%mdl 4096] Endgame KRB-KBN} 37. b6 axb6 38. cxb6 {[%emt 0:00:01] Threatening mate with b7.} f3 39. b7 f2 40. b8=Q Rh1+ 41. Kxh1 f1=Q+ 42. Kh2 {[%emt 0:00:04] White threatens Nd5 and mate.} Bf5 43. Qf8+ Kg6 44. Nd5 {[%emt 0:00:16] Weighted Error Value: White=0.06 (flawless) /Black=0.43} 1-0

[Event "37th ECCC 2022"]
[Site "Mayrhofen"]
[Date "2022.10.06"]
[Round "4.50"]
[White "Doric, Darko"]
[Black "Erenberg, Ariel"]
[Result "0-1"]
[ECO "E32"]
[WhiteElo "2457"]
[BlackElo "2516"]
[Annotator "TA"]
[PlyCount "72"]
[EventDate "2022.10.03"]
[EventType "team-tourn"]
[EventCountry "AUT"]
[SourceTitle "playchess.com"]
[Source "ChessBase"]
[SourceQuality "1"]
[TimeControl "40/5400+30:1800+30"]

1. d4 Nf6 2. c4 e6 3. Nc3 Bb4 4. Qc2 b6 5. a3 Bxc3+ 6. Qxc3 Bb7 7. Bg5 h6 {[%emt 0:01:19] E32: Nimzo-Indian: Classical (4 Qc2): 4...0-0.} 8. Bxf6 Qxf6 9. e3 O-O {[%emt 0:15:07] The position is equal.} 10. Ne2 d6 11. Rd1 Nd7 12. Qc2 {[%emt 0:05:35] [#]} Qe7 $146 ({Predecessor:} 12... Rfe8 13. Nc3 a6 14. f3 Qh4+ 15. Qf2 Qxf2+ 16. Kxf2 d5 17. Bd3 dxc4 18. Bxc4 b5 {1-0 (59) Ng,J (1641)-Frost,P (1896) Vientiane 2018}) 13. Nc3 f5 14. f3 c5 (14... e5 $5 15. d5 Qg5 $11) 15. Qd2 Rad8 16. Be2 Qh4+ 17. g3 Qh3 {[%emt 0:00:12] aiming for ...Qg2.} 18. Kf2 {[%emt 0:00:25] Against Qg2+} cxd4 19. Qxd4 Ne5 (19... Nf6 $142 $1 {[%cal Of5f4] Strongly threatening ...f4!} 20. Bf1 Qh5) 20. Rdf1 ({Better is} 20. Nb5) 20... g5 $17 {[%emt 0:00:07] Black is much more active.} 21. e4 $2 {[%emt 0:18:27][%mdl 8192] This costs White the game.} (21. Ke1 $17) 21... fxe4 $1 $19 22. Nxe4 Qf5 (22... g4 $2 23. f4 $19) 23. Nxd6 Qf6 (23... Nxf3 24. Bxf3 Qc2+ 25. Ke3 Rxf3+ 26. Rxf3 $17) 24. Rd1 ({Avoid the trap} 24. Kg2 $2 g4 25. Kf2 gxf3 $19) 24... Bxf3 {[%emt 0:06:08] ( -> ...Rxd6)} 25. Rhf1 Ng4+ ({Not} 25... Bxe2+ 26. Kxe2 Qg7 27. b4 $14) 26. Ke1 {[%emt 0:00:02] [#]} Qxd4 $1 {[%emt 0:00:08] Really sharp!} (26... Nxh2 27. Qxf6 Rxf6 28. Rf2 Bxe2 29. Kxe2 Rxf2+ 30. Kxf2 $17) 27. Rxd4 {[%emt 0:00:04] [#]} Ne3 $1 {[%emt 0:00:12] White must now prevent ...Nc2+.} ({Weaker is} 27... Nxh2 28. Rf2 Bxe2 29. Kxe2 Rxf2+ 30. Kxf2 $17) 28. Rd3 Nxf1 29. Bxf3 Nxh2 {[%emt 0:01:31] Black is clearly winning.} 30. Be2 g4 31. b4 Nf3+ 32. Kd1 Ne5 33. Rd4 h5 {[%emt 0:02:21] ...Nf3 is the strong threat.} 34. c5 Nf7 35. Bb5 Nxd6 36. cxd6 Rf3 {[%emt 0:00:50][%csl LRa3,LRg3] Weighted Error Value: White=0.41/Black=0.20 (precise)} 0-1

[Event "37th ECCC 2022"]
[Site "Mayrhofen"]
[Date "2022.10.06"]
[Round "4.51"]
[White "Gorshtein, Ido"]
[Black "Tica, Sven"]
[Result "1-0"]
[ECO "D53"]
[WhiteElo "2471"]
[BlackElo "2422"]
[Annotator "TA"]
[PlyCount "119"]
[EventDate "2022.10.03"]
[EventType "team-tourn"]
[EventCountry "AUT"]
[SourceTitle "playchess.com"]
[Source "ChessBase"]
[SourceQuality "1"]
[TimeControl "40/5400+30:1800+30"]

1. d4 d5 2. c4 e6 3. Nc3 Nf6 4. Bg5 Be7 5. e3 Nbd7 6. cxd5 exd5 7. Bd3 c6 8. Nge2 O-O 9. Qc2 Re8 10. O-O Ne4 11. Bf4 {[%emt 0:12:33][%cal Oc3d5] [#] Strongly threatening Nxd5!} (11. Nxe4 dxe4 12. Bxe7 exd3 13. Bxd8 dxc2 $15) 11... Nxc3 {[%emt 0:17:29] D36: Queen's Gambit Declined: Exchange Variation: Main line (5 Bg5 c6 6 Qc2).} (11... Ndf6 $14) 12. bxc3 ({Much weaker is} 12. Nxc3 $6 Nf6 $11) ({White should try} 12. Bxh7+ $16 Kh8 13. Nxc3) 12... Nf8 13. c4 dxc4 {[%emt 0:03:11] White is slightly better.} 14. Bxc4 {[%emt 0:00:15] [#]} Be6 $146 ({Predecessor:} 14... Bd6 15. Qb3 Ne6 16. a4 Rb8 17. Bg3 Bxg3 18. Nxg3 Qf6 19. Ne4 Qe7 20. Rae1 Kh8 {1-0 (42) Saber,Y (2266)-Boguszlavszkij,J (2173) Zalakaros 2018}) 15. Rab1 Qd7 16. Rfd1 {[%emt 0:02:16] White is more active.} Bxc4 17. Qxc4 b6 18. a4 Ne6 19. Bg3 Red8 20. Nf4 Nxf4 21. Bxf4 Qd5 22. Qxd5 Rxd5 23. e4 (23. Rbc1 $5 ) 23... Rd7 24. Be3 Rad8 25. Rdc1 {[%emt 0:02:02] Prevents Bc5.} c5 26. dxc5 Bxc5 27. Bxc5 bxc5 $14 {[%emt 0:00:02][%mdl 4096] Endgame KRR-KRR} 28. f3 Rc7 29. Rc4 Kf8 30. Rbc1 Rdc8 31. Kf2 Ke7 32. Ke3 Ke6 33. g4 g5 34. h4 h6 35. hxg5 ({Better is} 35. h5 $14) 35... hxg5 $11 36. f4 gxf4+ 37. Kxf4 f6 38. R1c2 Rc6 39. Rh2 Rb8 40. Rhc2 Rbc8 41. a5 R6c7 42. Rc1 Rc6 43. Rh1 R6c7 44. Rh5 a6 45. Rf5 Rc6 46. Rd5 R6c7 47. Rh5 Rc6 48. Rh6 Rg8 49. Rh7 Rg6 $2 (49... Rb8 $11 {and Black has nothing to worry.}) 50. Rh5 $18 Rd6 51. Rcxc5 ({But not} 51. Rhxc5 Rg7 52. Rb4 Rgd7 $18) 51... Rd1 $2 (51... Rg7 52. Rh6 Kd7) 52. Rc6+ Rd6 53. Rxd6+ Kxd6 {[%emt 0:00:01] KR-KR} 54. Kf5 Rg8 55. Rh6 Rg5+ 56. Kxf6 Rxa5 57. Rh5 Ra1 58. Rd5+ Kc6 59. g5 {[%emt 0:00:11] [#] White wants to mate with g6.} Re1 60. Re5 {[%emt 0:00:23] Weighted Error Value: White=0.10 (very precise) /Black=0.39} 1-0

[Event "37th ECCC 2022"]
[Site "Mayrhofen"]
[Date "2022.10.06"]
[Round "4.52"]
[White "Lehner, Oliver"]
[Black "Rozen, Eytan"]
[Result "1/2-1/2"]
[ECO "B31"]
[WhiteElo "2398"]
[BlackElo "2462"]
[Annotator "TA"]
[PlyCount "105"]
[EventDate "2022.10.03"]
[EventType "team-tourn"]
[EventCountry "AUT"]
[SourceTitle "playchess.com"]
[Source "ChessBase"]
[SourceQuality "1"]
[TimeControl "40/5400+30:1800+30"]

1. e4 c5 2. Nf3 Nc6 3. Bb5 g6 4. Bxc6 dxc6 5. d3 Bg7 6. h3 Nf6 7. Nc3 Nd7 {[%emt 0:00:07] B31: Sicilian: 2...Nc6 3 Bb5 g6.} 8. O-O e5 9. Nh2 Nf8 {[%emt 0:04:10] The position is equal.} 10. f4 exf4 11. Bxf4 Ne6 12. Bg3 Nd4 (12... O-O $15) 13. Nf3 O-O 14. Qd2 f5 15. exf5 {[%emt 0:06:09] [#]} Bxf5 $146 ({Predecessor:} 15... Nxf3+ 16. Rxf3 Bxf5 17. Bf2 c4 18. d4 Qd7 19. Rd1 b5 20. a3 a5 21. Qc1 Rae8 {0-1 (47) Okhotnik,V (2446)-Cuenca Jimenez,J (2477) Hamburg 2012}) 16. Nxd4 Qxd4+ 17. Bf2 Qb4 18. Rab1 c4 19. a3 Qd6 20. g4 Be6 {[%emt 0:02:04][%cal Of8f2] [#] ...Rxf2! is the strong threat.} 21. Ne4 Qd5 22. Qe2 {[%emt 0:06:14] Inhibits Rf3.} cxd3 23. cxd3 b6 24. b4 Rad8 25. Bh4 Qd4+ 26. Kg2 Rde8 ({Reject} 26... Qxd3 27. Nf6+ Rxf6 28. Qxd3 Rxd3 29. Bxf6) 27. Rxf8+ Rxf8 28. Bf2 Qd5 29. a4 Rd8 30. Re1 Bf7 {[%emt 0:04:40] This bishop pair is nice.} 31. Bh4 Rd7 32. a5 bxa5 33. bxa5 Qxa5 34. Nf6+ Bxf6 35. Bxf6 Rxd3 36. Qxd3 Qxe1 $17 {[%emt 0:00:04][%mdl 4096] Endgame KQB-KQB} 37. Bc3 Qe7 38. Qd4 {[%emt 0:00:56][%csl Gc3][%cal Rd4g7] [#]} Bd5+ 39. Kg3 Kf7 (39... Qa3 $2 40. Qg7#) 40. Qf4+ Ke8 41. Qb8+ Qd8 42. Qxa7 Qd6+ 43. Kh4 Qd8+ 44. Kg3 Qd6+ 45. Kh4 Be4 46. Kg5 Bg2 47. Qe3+ Qe7+ 48. Qxe7+ Kxe7 49. h4 Ke6 50. Kf4 Kd5 {[%emt 0:00:00] Black is slightly better.} 51. Ke3 c5 52. g5 Be4 53. Bg7 {[%emt 0:00:00] Weighted Error Value: White=0.09 (flawless) /Black=0.08 (flawless)} 1/2-1/2

[Event "37th ECCC 2022"]
[Site "Mayrhofen"]
[Date "2022.10.06"]
[Round "4.53"]
[White "Mindlin, Alon"]
[Black "de Francesco, Klaus"]
[Result "1/2-1/2"]
[ECO "D60"]
[WhiteElo "2426"]
[BlackElo "2197"]
[Annotator "TA"]
[PlyCount "75"]
[EventDate "2022.10.03"]
[EventType "team-tourn"]
[EventCountry "AUT"]
[SourceTitle "playchess.com"]
[Source "ChessBase"]
[SourceQuality "1"]
[TimeControl "40/5400+30:1800+30"]

1. d4 d5 2. c4 e6 3. Nf3 Nf6 4. Nc3 Be7 5. Bg5 Nbd7 6. e3 O-O 7. Bd3 a6 8. c5 {[%emt 0:04:10] D60: Queen's Gambit Declined: Classical: Unusual White 7th moves.} c6 9. O-O b6 10. cxb6 {[%emt 0:02:00] White is slightly better.} c5 11. Rc1 {[%emt 0:13:14][%cal Ba1c1,Bc1c3,Bc3b3][%mdl 32] [#]} cxd4 $146 ({Predecessor:} 11... c4 12. Bb1 Qxb6 13. Rc2 Re8 14. Rd2 Bb7 15. Ne5 Nxe5 16. dxe5 Nd7 17. Bxe7 Rxe7 18. Qh5 f5 19. exf6 Nxf6 {½-½ (33) Pacher,M (2436)-Cvek,R (2540) Czech Republic 2013}) 12. exd4 Qxb6 13. Na4 Qb8 14. Rc3 Bd6 {[%emt 0:06:37] Inhibits Ne5.} 15. Qc2 (15. Rb3 $1 $14 Qa7 16. Qc2) 15... Bb7 (15... Ne4 $11) 16. Nc5 $16 h6 17. Bxf6 {[%emt 0:02:31] White has more active pieces. The black rooks are badly placed.} Nxf6 18. Rb3 Bxc5 19. Qxc5 {[%emt 0:01:20] [#] Hoping for Qb6.} (19. dxc5 $5 Qc7 20. Rc1 $14) 19... Rc8 20. Qb6 Rc7 21. Ne5 Qc8 22. Rc3 Rxc3 23. bxc3 a5 24. Rb1 Ba6 {[%emt 0:00:18] aiming for ...Bxd3.} 25. Nc6 {[%emt 0:01:15] [#] And now Ne7+ would win.} Kh8 $1 26. Na7 Qd7 (26... Rxa7 $2 27. Qxa7 Bxd3 28. Rb8 Qxb8 29. Qxb8+ $18) (26... Nd7 $5 27. Nxc8 (27. Bxa6 Qxc3 28. Qb7 Rb8 $11) 27... Nxb6 28. Bxa6 (28. Nxb6 Bxd3 29. Rb3 Ra7 $11) 28... Nxc8 $11) 27. Qxa6 Qxa7 28. Qd6 {[%emt 0:03:44] The position is equal.} Rc8 29. h3 Ne4 30. Bxe4 dxe4 $11 {[%emt 0:00:05][%mdl 4096] Endgame KQR-KQR} 31. Qg3 Qa6 32. Rb8 Rxb8 33. Qxb8+ {[%emt 0:00:02] KQ-KQ} Kh7 34. Qb1 f5 35. Qf1 {[%emt 0:00:29] Inhibits Qe2.} Qxf1+ 36. Kxf1 g5 37. g4 f4 38. Ke2 {[%emt 0:00:10] Weighted Error Value: White=0.11 (very precise) /Black=0.11 (very precise)} 1/2-1/2

[Event "37th ECCC 2022"]
[Site "Mayrhofen"]
[Date "2022.10.06"]
[Round "4.54"]
[White "Gerhold, Michael"]
[Black "Givon, Asaf"]
[Result "0-1"]
[ECO "D33"]
[WhiteElo "2182"]
[BlackElo "2434"]
[Annotator "TA"]
[PlyCount "68"]
[EventDate "2022.10.03"]
[EventType "team-tourn"]
[EventCountry "AUT"]
[SourceTitle "playchess.com"]
[Source "ChessBase"]
[SourceQuality "1"]
[TimeControl "40/5400+30:1800+30"]

1. Nf3 Nf6 2. c4 c5 3. Nc3 e6 4. g3 d5 5. cxd5 exd5 6. d4 Nc6 7. Bg2 cxd4 {[%emt 0:00:14] seems to push 7...Be7 aside.} 8. Nxd4 Bc5 9. Nb3 Bb6 {[%emt 0:00:10] D33: Tarrasch Defence: 6 g3 sidelines.} 10. O-O (10. Bxd5 Nb4 11. Bf3 Qxd1+ 12. Kxd1 Ng4 13. Bxg4 Bxg4 $11) 10... d4 11. Na4 O-O {[%emt 0:00:11] White is slightly better.} 12. Bg5 Re8 13. Rc1 h6 14. Bxf6 (14. Bxc6 bxc6 15. Bxf6 (15. Nxb6 axb6 16. Bxf6 Qxf6 $17) 15... Qxf6 $15) 14... Qxf6 15. Nac5 h5 {[%emt 0:16:49] [#]} 16. Re1 $146 ({Predecessor:} 16. Nd3 h4 17. Nbc5 Rb8 18. a3 hxg3 19. hxg3 Qh6 20. Bf3 g5 21. Qb3 Kg7 22. Rfd1 {1-0 (28) Nihal,S (2620)-Krzyzanowski,M (2521) Chess.com INT 2020}) 16... h4 17. Qd2 Re5 18. e3 (18. Nd3 $11 {keeps the balance.}) 18... h3 ({Black should play} 18... dxe3 $1 $17 19. Rxe3 h3) 19. Bh1 ({White has to play} 19. exd4 $15 Rxe1+ 20. Rxe1 hxg2 21. Re8+ Kh7 22. Ne4) 19... Bg4 {[%emt 0:00:23] ...Rd8 is the strong threat.} 20. exd4 {[%emt 0:05:35] [#]} (20. Ne4 $142 Qf5 21. Nxd4 Nxd4 22. exd4) 20... Rxe1+ (20... Nxd4 $1 $17 {[%mdl 512] ( -> ...Nf3+)} 21. Rxe5 (21. Nxd4 $2 Rxc5 22. Rxc5 Bxc5 $19) 21... Nxb3 22. axb3 (22. Nxb3 Qxe5 23. Qc3 Qe2 $17) 22... Qxe5) 21. Rxe1 $15 {[%emt 0:01:59] [#]} Nxd4 $1 {[%emt 0:08:16][%mdl 64] Remove Defender} 22. Qxd4 ({Don't blunder} 22. Nxd4 $2 Bxc5 23. Nb3 Rd8 $19) 22... Qxd4 {[%emt 0:00:12][%mdl 64] Remove Defender} 23. Nxd4 {[%emt 0:00:04] Hoping for b4.} Bxc5 24. Nb3 Bb6 25. Bxb7 Rd8 {[%emt 0:00:52] White must now prevent ...a5.} 26. Kf1 a5 {[%emt 0:02:01][%mdl 1024] Strongly threatening ...a4. Black has compensation.} 27. Bc6 Rd6 28. Rc1 {[%emt 0:04:16] [#] Loses the game.} (28. Bb5 $11 {and White stays safe.}) 28... Rf6 $1 $19 29. Rc2 Bd1 {[%emt 0:01:25] This bishop pair is nice.} 30. Rc3 (30. Rc4 Bxb3 31. axb3) 30... Rxf2+ {[%emt 0:04:48] Black is clearly winning.} ({Wrong is} 30... Bxb3 $2 31. axb3 Rxf2+ 32. Ke1 $19) 31. Ke1 Bg4 32. Nc5 Re2+ 33. Kf1 Rxh2 34. Bd7 Rh1+ {[%emt 0:00:22] Weighted Error Value: White=0.75/Black=0.14 (very precise)} 0-1

[Event "37th ECCC 2022"]
[Site "Mayrhofen"]
[Date "2022.10.06"]
[Round "4.55"]
[White "Hauge, Lars Oskar"]
[Black "Heimann, Andreas"]
[Result "1/2-1/2"]
[ECO "C27"]
[WhiteElo "2531"]
[BlackElo "2573"]
[Annotator "TA"]
[PlyCount "79"]
[EventDate "2022.10.03"]
[EventType "team-tourn"]
[EventCountry "AUT"]
[SourceTitle "playchess.com"]
[Source "ChessBase"]
[SourceQuality "1"]
[TimeControl "40/5400+30:1800+30"]

1. e4 e5 2. Nc3 Nf6 3. Bc4 Nxe4 4. Qh5 Nd6 5. Bb3 Be7 6. Qxe5 O-O {[%emt 0:02:23] C27: Vienna Game: 2...Nf6 3 Bc4 Nxe4.} 7. d4 Nc6 8. Qf4 (8. Qe3 Nf5 9. Qd3 Nfxd4 $17) 8... b5 {[%emt 0:21:58] [#]} 9. Be3 $146 ({Predecessor:} 9. Nf3 a5 10. a4 b4 11. Nd5 Ba6 12. Be3 Bc4 13. Bxc4 Nxc4 14. O-O Bd6 15. Qf5 {1-0 (29) Firouzja,A (2728)-Gozzoli,Y (2608) Europe Echecs INT 2020}) 9... Bb7 10. Nf3 Na5 11. O-O b4 12. Ne2 Ne4 13. Ng3 Bd6 14. Qf5 Nxb3 15. axb3 Nxg3 16. hxg3 Qe7 17. Rfe1 {[%emt 0:03:53] [#] Hoping for Bg5.} Qe4 18. Qxe4 Bxe4 19. c4 $40 {[%emt 0:01:05][%mdl 128] Black needs to defend precisely.} bxc3 $1 20. bxc3 Bxf3 21. gxf3 a5 22. Kf1 f5 23. Bd2 Rfb8 24. Reb1 Kf7 25. Ke2 Ke6 26. Kd3 c5 (26... h5 $11 {remains equal.}) 27. Be3 cxd4 28. Bxd4 g6 29. Rh1 h5 30. g4 fxg4 ({But not} 30... Rxb3 31. gxh5 gxh5 32. Rag1 $16) 31. fxg4 hxg4 32. Rh7 Be5 (32... Rxb3 $2 33. Kc4 Rxc3+ 34. Kxc3 $18) 33. Bxe5 Kxe5 34. Rxd7 Rxb3 $11 {[%emt 0:01:10][%mdl 4096] Endgame KRR-KRR} 35. Re1+ Kf6 36. Rd6+ Kf5 37. Kd4 {[%emt 0:03:44] [#] Threatening mate with Re5+.} Kg5 38. Rd5+ Kf6 39. Rd6+ Kg5 40. Ree6 {[%emt 0:07:23] Weighted Error Value: White=0.08 (flawless) /Black=0.10 (very precise)} 1/2-1/2

[Event "37th ECCC 2022"]
[Site "Mayrhofen"]
[Date "2022.10.06"]
[Round "4.56"]
[White "Brunner, Nicolas"]
[Black "Ertan, Can"]
[Result "1/2-1/2"]
[ECO "E15"]
[WhiteElo "2448"]
[BlackElo "2372"]
[Annotator "TA"]
[PlyCount "104"]
[EventDate "2022.10.03"]
[EventType "team-tourn"]
[EventCountry "AUT"]
[SourceTitle "playchess.com"]
[Source "ChessBase"]
[SourceQuality "1"]
[TimeControl "40/5400+30:1800+30"]

1. d4 Nf6 2. c4 e6 3. Nf3 b6 4. g3 Ba6 5. b3 Bb4+ 6. Bd2 Be7 7. Nc3 d5 {[%emt 0:01:09] now supersedes 7...0-0.} 8. cxd5 Nxd5 9. Bg2 {[%emt 0:05:06] E15: Queen's Indian: 4 g3 sidelines, 4 g3 Ba6 and 4 g3 Bb7 early deviations.} Nd7 10. O-O {[%emt 0:00:44] [#]} N7f6 $146 ({Predecessor:} 10... O-O 11. Nxd5 exd5 12. Rc1 Re8 13. Rc2 Bd6 14. Bf4 Nf6 15. Bxd6 Qxd6 16. Re1 Bb7 17. Qc1 c6 18. Qf4 Qb4 19. Rec1 a5 20. Ne5 a4 {1-0 (40) Markus,R (2595)-Shchekachev,A (2570) Austria 2006}) 11. Nxd5 {[%emt 0:08:17] White is slightly better.} exd5 12. Ne5 O-O 13. Bg5 Qd6 {[%emt 0:04:37] Inhibits Nc6.} 14. Re1 Bb7 15. Rc1 c5 16. e3 h6 17. Bxf6 Bxf6 18. f4 Rac8 19. Qd2 Rc7 20. Bf3 Rfc8 21. Bg4 Rd8 22. Bf3 Bc8 23. Rc3 Be6 24. Rec1 Rdc8 25. Qb2 Be7 26. Qc2 f6 27. Ng6 Bd8 28. Qd3 (28. f5 $5 Bf7 29. dxc5 Qxc5 30. Rxc5 Rxc5 {[#]} 31. Qxc5 $1 (31. Ne7+ $2 Bxe7 32. Qxc5 Bxc5 $19) 31... Rxc5 32. Rxc5 bxc5 33. Nf4 $14) 28... Qd7 (28... c4 $11 {might be stronger.} 29. bxc4 Rxc4) 29. dxc5 $14 bxc5 30. f5 Bf7 31. Nf4 (31. Rd1 $5 ) 31... c4 32. bxc4 dxc4 33. Qxd7 Rxd7 34. Ne6 Bb6 35. Rxc4 Bxe3+ 36. Kh1 Re8 37. Rc7 (37. Bc6 $14 {is more appropriate.} Rxe6 38. fxe6 (38. Bxd7 Re7 $17) 38... Bxe6 39. R4c3) 37... Rxc7 $11 {[%emt 0:08:30] The position is equal.} 38. Rxc7 g6 ({Don't take} 38... Bxe6 39. fxe6 Bb6 40. Rb7 $14) 39. g4 h5 40. h3 Bb6 41. Rb7 Rc8 42. Bd5 {[%emt 0:00:00] [#] aiming for fxg6.} Rc1+ 43. Kg2 {[%emt 0:00:00] And now fxg6 would win.} Rc2+ 44. Kf3 {[%emt 0:00:00] Hoping for fxg6.} Rc3+ 45. Ke2 {[%emt 0:00:00] Black must now prevent Nf4.} gxf5 (45... Rxh3 $2 46. Rb8+ Kh7 47. Nf8+ Kg7 48. Rb7 (48. Ne6+ Bxe6 49. Bxe6 gxf5 $17) 48... Rh2+ 49. Kd3 gxf5 50. Rxf7+ Kh6 51. gxf5 $18) 46. gxf5 Re3+ 47. Kd2 Re5 48. Bb3 Rxf5 49. Rb8+ Kh7 50. Rb7 Kg8 51. Rb8+ Kh7 52. Rb7 Kg8 {[%emt 0:00:04] Weighted Error Value: White=0.07 (flawless) /Black=0.08 (flawless)} 1/2-1/2

[Event "37th ECCC 2022"]
[Site "Mayrhofen"]
[Date "2022.10.06"]
[Round "4.57"]
[White "Thorn, Eric"]
[Black "Breder, Dennis"]
[Result "1/2-1/2"]
[ECO "A40"]
[WhiteElo "2351"]
[BlackElo "2450"]
[Annotator "TA"]
[PlyCount "168"]
[EventDate "2022.10.03"]
[EventType "team-tourn"]
[EventCountry "AUT"]
[SourceTitle "playchess.com"]
[Source "ChessBase"]
[SourceQuality "1"]
[TimeControl "40/5400+30:1800+30"]

1. d4 e6 2. Nf3 c5 3. e3 Nf6 4. c4 d5 5. cxd5 exd5 6. Bb5+ Bd7 7. Bxd7+ Nbxd7 8. O-O Bd6 9. dxc5 Nxc5 10. Bd2 {[%emt 0:05:51] D30: Queen's Gambit Declined: Systems without Nc3.} O-O 11. Bc3 Rc8 12. Bxf6 Qxf6 (12... gxf6 13. Nc3 $16) 13. Nc3 {[%emt 0:00:02] [#]} Rfd8 $146 ({Predecessor:} 13... Rfe8 14. Qd4 Qxd4 15. Nxd4 Nd3 16. Rab1 Be5 {½-½ (16) Matamoros Franco,C (2430)-Bricard,E (2470) Cannes 1996}) 14. Qd4 Qxd4 15. exd4 Nd3 16. Nxd5 {[%emt 0:00:45] [#]} (16. Rab1 $11 {should be considered.}) 16... Bxh2+ $1 $15 17. Kxh2 Rxd5 18. b3 g5 (18... Rc2 $17 19. Rad1 Nf4) 19. Rad1 Nb4 20. Rd2 (20. Rc1 $11 Rxc1 21. Rxc1) 20... Nc6 $17 21. g4 Rcd8 22. Rfd1 Kg7 23. Kg3 h6 24. Rd3 Kg6 25. R3d2 ({White should try} 25. Re3) 25... f6 26. Re2 h5 27. gxh5+ Kxh5 28. Re4 Kg6 29. Kg2 Kf5 30. Re3 g4 (30... Nxd4 $6 31. Red3 Ke4 32. Re3+ Kf5 33. Red3 $11) 31. Nh4+ (31. Nh2 $17) 31... Kg5 $19 32. Kg3 {[%emt 0:02:26] [#]} Nxd4 $2 ({Weaker is} 32... Rxd4 33. f4+ Kh5 34. Rh1 $15) ({Black should play} 32... f5 $1 $19 {[%cal Rf5f4] Strongly threatening ...f4+.} 33. f4+ Kf6) 33. f4+ $1 $15 gxf3 $1 34. Rxd4 {[%emt 0:00:40][%mdl 64] Remove Defender, Decoy} Rxd4 35. Nxf3+ Kf5 36. Nxd4+ Rxd4 {[%emt 0:00:05][%mdl 4096] Endgame KR-KR} 37. Re7 Rb4 38. Kf3 a5 39. Ke3 Rb5 {[%emt 0:00:44] ( -> ...Re5+)} 40. Kf3 b6 41. Re8 Rc5 42. Rb8 Rc6 43. Ke3 Rd6 44. Rh8 Ke5 45. Re8+ Re6 46. Rd8 f5 47. Rf8 Rh6 {[%emt 0:01:18] Threatens to win with ...Rh3+.} 48. Re8+ Kd6 49. Rf8 $1 Re6+ (49... Rh3+ $15 50. Kd4 (50. Kf4 Rh2 $17) 50... Rh4+ 51. Ke3 Ke5 52. Re8+ Kd5) 50. Kd3 $11 ({Much weaker is} 50. Kf4 Re2 51. Rf6+ Kc7 52. Rf7+ Kc6 53. Rf6+ Kc5 $17) 50... Ke5 (50... Re5 $11) 51. Ke3 $15 Rc6 52. Re8+ Kd5 {[%emt 0:01:46] aiming for ...Re6+.} 53. Rf8 $1 Rc3+ 54. Kd2 $2 (54. Kf4 $11) 54... Rf3 $19 55. Ke2 Rf4 (55... Ke4 $19 {White must now prevent ...Rh3.} 56. Re8+ Kf4) 56. Rf6 $1 $11 Kc5 57. Ke3 Rf1 58. Ke2 Rf4 59. Ke3 Re4+ 60. Kd3 Re5 61. a3 Kb5 (61... f4 $5 62. Rxf4 Rg5 $11) 62. Kd4 Re4+ 63. Kd3 Re5 64. Kd4 Rc5 65. Kd3 Rd5+ 66. Kc3 Kc5 67. a4 Re5 68. Kd3 b5 69. axb5 Kxb5 70. Kc3 $1 Re3+ 71. Kb2 {[%emt 0:00:38] The position is equal.} Rf3 72. Rf8 f4 73. Ka3 $1 Rf1 74. Rf5+ Kb6 75. Kb2 f3 {[%emt 0:00:07] ...f2 is the strong threat.} 76. Kc2 $1 Kc6 (76... f2 $5 77. Kd2 Rb1 78. Rxf2 Rb2+ 79. Ke1 Rxb3 $11) 77. Kd2 f2 78. Ke2 Rb1 79. Kxf2 Kb6 80. Rf3 Kb5 81. Ke2 $1 Kb4 82. Kd2 Rxb3 83. Rxb3+ Kxb3 84. Kc1 a4 {[%emt 0:00:01] Weighted Error Value: White=0.17 (very precise) /Black=0.17 (very precise)} 1/2-1/2